Map: Honorgrounds LE

Players

Neuro

  • Race: Zerg Zerg
  • League: Master
  • Spawn Location: 1:00

Raphtor - Winner!

  • Race: Zerg Zerg
  • League: Master
  • Spawn Location: 5:00

VOD

Have the link to the VOD?

Description

Time

  • Played on: April 21, 2017, 3:54 p.m.
  • Length: 13:55
Show
View Real Time Build Order
Export as new Build Order

Neuro Zerg 

Build Orders: Hatch First 

Get SALT Encoding   

  12  0:01  Drone  
  13  0:13  Overlord  
  13  0:17  Drone  
  14  0:31  Drone x2  
  14  0:35  Drone  
  17  0:53  Hatchery  
  17  0:56  Extractor  
  15  0:57  Drone  
  15  1:00  Drone  
  17  1:15  Spawning Pool  
  16  1:18  Drone  
  16  1:21  Drone  
  18  1:28  Drone  
  19  1:39  Overlord  
  19  1:51  Drone  
  20  2:01  Queen, Metabolic Boost  
  20  2:03  Zergling x2  
  20  2:08  Queen  
  25  2:10  Zergling x2  
  26  2:18  Zergling x4  
  28  2:23  Zergling x2  
  28  2:29  Zergling x2  
  30  2:40  Overlord  
  30  2:42  Queen  
  30  2:54  Drone x3  
  30  2:58  Drone  
  34  3:04  Zergling x2  
  34  3:09  Hatchery  
  34  3:11  Zergling x4  
  35  3:22  Drone x5  
  40  3:34  Zergling x6  
  41  3:42  Zergling x4  
  41  3:47  Spine Crawler  
  41  3:49  Queen  
  43  3:56  Overlord  
  43  4:07  Zergling x2, Queen  
  43  4:09  Zergling x2  
  39  4:10  Zergling x8  
  39  4:11  Zergling x2  
  39  4:15  Zergling x2  
  45  4:23  Zergling x6  
  45  4:24  Zergling x2  
  45  4:29  Zergling x6  
  48  4:33  Zergling x4  
  48  4:37  Evolution Chamber  
  43  4:50  Queen  
  43  4:52  Queen  
  47  5:02  Evolution Chamber  
  46  5:09  Zergling x12  
  49  5:15  Zergling x6  
  45  5:24  Zergling x6  
  48  5:29  Zerg Ground Armor Level 1  
  48  5:38  Evolution Chamber  
  47  5:49  Roach Warren  
  42  5:53  Zergling x2  
  42  5:54  Zergling x6  
  42  5:55  Evolution Chamber  
  44  6:01  Evolution Chamber  
  41  6:13  Zergling x8  
  33  6:23  Zergling x8  
  34  6:30  Zergling x6  
  34  6:35  Roach  
  33  6:43  Roach x2  
  35  6:47  Roach  
  37  6:54  Roach  
  37  6:57  Roach  
  39  7:02  Roach  
  39  7:05  Roach  
  39  7:08  Roach  
  39  7:13  Roach  
  38  7:20  Roach  
  39  7:27  Drone x2  
  41  7:30  Drone  
  42  7:40  Drone x3  
  42  7:41  Drone  
  46  7:48  Drone x2  
  48  7:51  Drone  
  49  7:59  Drone x2  
  49  8:02  Overlord  
  51  8:08  Zerg Missile Weapons Level 1  
  51  8:11  Drone x2  
  53  8:24  Drone x7  
  54  8:33  Queen  
  56  8:40  Queen  
  58  8:51  Drone x6  
  58  8:55  Extractor  
  63  8:57  Queen  
  63  8:58  Drone  
  66  9:03  Overlord  
  66  9:04  Overlord  
  66  9:05  Overlord  
  66  9:10  Lair  
  66  9:15  Extractor  
  66  9:16  Extractor, Drone x2  
  66  9:20  Extractor  
  67  9:24  Drone x3  
  67  9:26  Drone  
  69  9:35  Drone  
  69  9:36  Drone  
  71  9:43  Drone x2  
  73  9:51  Drone x2  
  77  9:52  Roach  
  77  9:53  Roach x6  
  89  10:01  Drone  
  89  10:03  Overlord  
  89  10:05  Overlord x4  
  90  10:09  Zerg Missile Weapons Level 2  
  90  10:14  Zerg Ground Armor Level 2  
  90  10:16  Glial Reconstitution  
  90  10:20  Overseer  
  90  10:28  Roach  
  90  10:29  Roach x3  
  98  10:36  Pneumatized Carapace  
  98  10:38  Roach x2  
  102  10:43  Roach x3  
  108  10:53  Roach  
  108  10:54  Roach x5  
  112  11:00  Roach  
  112  11:03  Overlord x3  
  114  11:23  Roach x8  
  126  11:34  Roach x2  
  126  11:37  Overlord  
  126  11:38  Overlord x4  
  130  11:53  Burrow  
  130  11:56  Roach x5  
  130  11:59  Ravager x2  
  130  12:00  Ravager  
  143  12:01  Roach  
  141  12:08  Roach  
  141  12:09  Roach x3  
  133  12:16  Roach x4  
  133  12:19  Roach  
  117  12:23  Roach x2  
  103  12:31  Roach  
  103  12:32  Roach x2  
  103  12:36  Roach  
  103  12:37  Roach x3  
  90  12:44  Roach x2  
  94  12:53  Hydralisk Den  
  94  12:55  Hydralisk Den  
  92  13:00  Roach Warren  
  92  13:04  Zergling x10  
  97  13:13  Zergling x22  
  106  13:29  Hydralisk x4  
Show
View Real Time Build Order
Export as new Build Order

Raphtor Zerg - Winner!

Build Orders: Hatch First, Zergling Baneling 

Get SALT Encoding   

  12  0:01  Drone  
  13  0:13  Overlord  
  13  0:18  Drone  
  14  0:33  Drone x2  
  16  0:37  Drone  
  17  0:53  Hatchery  
  17  0:56  Drone  
  17  0:59  Drone  
  17  1:03  Extractor  
  17  1:09  Drone  
  18  1:19  Spawning Pool  
  18  1:22  Drone  
  18  1:30  Drone  
  19  1:40  Drone  
  20  1:52  Drone  
  21  2:04  Overlord  
  21  2:06  Queen x2, Metabolic Boost  
  25  2:10  Zergling x2  
  25  2:12  Zergling x2  
  27  2:19  Evolution Chamber  
  26  2:23  Drone  
  26  2:28  Drone  
  26  2:29  Drone  
  29  2:36  Drone  
  30  2:42  Drone  
  31  2:46  Zerg Melee Weapons Level 1  
  31  2:47  Zergling x2  
  31  2:55  Zergling x4  
  32  3:03  Baneling Nest  
  31  3:07  Overlord  
  31  3:09  Overlord  
  31  3:15  Zergling x6  
  31  3:16  Zergling x2  
  35  3:33  Zergling x8  
  39  3:36  Zergling x4  
  40  3:45  Zergling x4  
  41  3:51  Zergling x4  
  41  3:52  Baneling  
  41  3:53  Baneling x4  
  38  4:11  Zergling x4  
  38  4:17  Zergling x10  
  40  4:29  Zergling x6  
  39  4:31  Zergling x6  
  41  4:42  Zergling x4  
  41  4:49  Baneling x5  
  41  4:51  Baneling  
  41  4:52  Baneling  
  41  4:55  Zergling x4  
  41  4:57  Overlord  
  43  5:11  Hatchery  
  37  5:16  Zergling x6  
  37  5:20  Zergling x6  
  37  5:27  Zergling x4  
  36  5:32  Baneling x4  
  36  5:34  Zergling x2  
  37  5:38  Zergling x2  
  37  5:42  Zergling x4  
  39  5:52  Zergling x4  
  39  5:56  Zergling x6  
  43  6:09  Zergling x6  
  43  6:10  Zergling x2  
  40  6:20  Zergling x8  
  40  6:21  Zergling x2  
  40  6:24  Zergling x2  
  42  6:30  Zergling x4  
  41  6:33  Zergling x2  
  40  6:41  Zergling x4  
  40  6:42  Zergling x2  
  40  6:44  Zergling x2  
  38  6:57  Zergling x8  
  38  7:00  Zergling x4  
  43  7:07  Zergling x4  
  42  7:14  Zergling x4  
  40  7:21  Drone x2  
  40  7:22  Drone  
  40  7:33  Roach Warren, Drone  
  40  7:35  Drone  
  41  7:39  Drone  
  41  7:40  Drone  
  41  7:42  Drone  
  44  7:46  Drone  
  44  7:47  Drone  
  46  7:52  Zerg Missile Weapons Level 1  
  46  7:55  Drone  
  47  8:03  Overlord  
  47  8:04  Drone x2  
  49  8:06  Drone  
  49  8:11  Drone x2  
  52  8:19  Roach  
  58  8:20  Roach x2  
  58  8:23  Roach  
  58  8:25  Drone x2  
  59  8:29  Drone x2  
  59  8:33  Lair  
  61  8:35  Drone  
  61  8:40  Extractor  
  61  8:42  Drone x2  
  61  8:43  Drone x2  
  65  8:51  Evolution Chamber  
  64  8:56  Overlord x3  
  64  8:57  Extractor x2  
  64  9:01  Drone x2  
  64  9:02  Drone  
  65  9:13  Queen  
  65  9:14  Drone x3  
  65  9:15  Drone x4  
  74  9:21  Zerg Ground Armor Level 1  
  74  9:24  Drone x3  
  77  9:25  Drone  
  77  9:29  Ravager  
  77  9:30  Ravager x2  
  81  9:33  Overlord x2  
  81  9:37  Extractor  
  80  9:38  Spore Crawler  
  80  9:39  Extractor, Drone  
  80  9:41  Drone x2  
  81  9:47  Roach x2  
  81  9:50  Ravager, Overlord  
  86  9:56  Zerg Missile Weapons Level 2  
  86  10:04  Roach  
  86  10:05  Roach x2  
  86  10:06  Drone x3  
  95  10:12  Glial Reconstitution  
  95  10:17  Roach, Hatchery  
  96  10:25  Ravager x2  
  96  10:27  Overlord x2  
  98  10:29  Roach x2  
  104  10:35  Roach  
  104  10:36  Roach x3  
  104  10:39  Overlord  
  108  10:51  Roach x2  
  108  10:52  Roach  
  99  10:59  Roach x2  
  99  11:01  Roach x4  
  99  11:02  Ravager x3  
  99  11:03  Overlord x2  
  109  11:10  Roach x3  
  115  11:17  Roach x2  
  119  11:21  Roach x2  
  123  11:31  Roach x4  
  129  11:32  Zerg Ground Armor Level 2  
  129  11:34  Zergling x4  
  131  11:40  Ravager  
  131  11:42  Roach x2  
  131  11:43  Roach x2  
  131  11:45  Roach  
  142  11:48  Overseer  
  142  11:51  Zergling x4, Overseer  
  142  11:52  Overlord  
  142  11:54  Drone x2  
  146  11:57  Roach  
  146  11:58  Ravager, Zergling x2  
  146  11:59  Zergling x2  
  127  12:20  Roach x4  
  127  12:22  Roach x4  
  120  12:30  Roach x3  
  120  12:31  Roach x2  
  120  12:36  Roach x4  
  128  12:53  Roach x4  
  128  12:54  Infestation Pit  
  128  12:57  Ravager  
  135  12:58  Ravager  
  135  12:59  Ravager  
  135  13:00  Ravager  
  135  13:01  Ravager  
  135  13:02  Overlord x2  
  135  13:03  Zergling x2  
  135  13:04  Zergling x14  
  146  13:12  Drone x7  
Tags
 
Add a new tag
Caveats
  • Supply blocks, unpowered buildings, or Contaminate may cause inaccurate times.
  • Supply counts are checked every 10 seconds.